 Dungeon Crawl Stone Soup version 0.19.5 (webtiles) character file.

3901 Azzok the Fighter (level 10, -3/99 HPs)
             Began as a Minotaur Fighter on June 28, 2017.
             Was an Elder of Okawaru.
             Killed from afar by Erica (24 damage)
             ... with a bolt of poison
             ... on level 8 of the Dungeon.
             The game lasted 00:13:22 (5374 turns).

Azzok the Fighter (Minotaur Fighter)                Turns: 5374, Time: 00:13:23

Health: -3/99      AC: 10    Str: 20    XL:     10   Next: 0%
Magic:  15/15      EV:  5    Int:  5    God:    Okawaru [****..]
Gold:   530        SH:  0    Dex: 16    Spells: 0 memorised, 9 levels left

rFire  . . .     SeeInvis .     b - +4 long sword (freeze)
rCold  . . .     Gourm    .     j - +0 chain mail
rNeg   . . .     Faith    .     c - +0 shield
rPois  .         Spirit   .     (helmet restricted)
rElec  .         Reflect  .     n - +0 cloak
rCorr  .         Harm     .     (no gloves)
MR     .....                    (no boots)
Stlth  ..........               v - amulet of regeneration
                                z - +2 ring of dexterity
                                D - ring of loudness (curse)

@: confused, lethally poisoned (-3 -> -10)
A: retaliatory headbutt, horns 2
a: Heroism, Renounce Religion


You were on level 8 of the Dungeon.
You worshipped Okawaru.
Okawaru was greatly pleased with you.
You were hungry.

You visited 1 branch of the dungeon, and saw 8 of its levels.

You collected 530 gold pieces.

Inventory:

Hand Weapons
 b - a +4 long sword of freezing (weapon)
 F - a +0 shortbow
Missiles
 g - 179 arrows
Armour
 c - a +0 shield (worn)
 j - a +0 chain mail (worn)
 n - a +0 cloak (worn)
Jewellery
 v - an amulet of regeneration (around neck)
 z - a +2 ring of dexterity (right hand)
 D - a cursed ring of loudness (left hand)
Wands
 a - a wand of lightning (0/15)
 A - a wand of flame (6/48)
Scrolls
 i - 8 scrolls of identify {unknown}
 l - 3 scrolls of immolation {unknown}
 o - a scroll of fog {unknown}
 p - 3 scrolls of remove curse {unknown}
 s - 2 scrolls of amnesia {unknown}
 t - 2 scrolls of enchant weapon {unknown}
 w - a scroll of noise {unknown}
 x - 2 scrolls of magic mapping {unknown}
 y - 3 scrolls of blinking {unknown}
 B - 2 scrolls of random uselessness {unknown}
Potions
 d - 2 potions of might
 e - 2 potions of cancellation {unknown}
 h - 3 potions of mutation {unknown}
 k - 3 potions of heal wounds {unknown}
 q - 3 potions of curing {unknown}
 r - 2 potions of lignification {unknown}
 C - a potion of brilliance {unknown}
 E - a potion of resistance
 G - a potion of flight {unknown}
Comestibles
 f - 8 bread rations {@e1}
 m - 3 meat rations {@e2}
 u - 5 fruits
 H - 6 beef jerkies
 I - 6 chunks of flesh {@w0}


   Skills:
 - Level 12.4 Fighting
 - Level 2.4 Long Blades
 + Level 5.2 Bows
 - Level 3.6 Armour
 - Level 3.6 Shields
 + Level 8.7 Invocations


You had 9 spell levels left.
You didn't know any spells.

Dungeon Overview and Level Annotations

Branches:
Dungeon (8/15)             Temple (0/1) D:5
   Lair: D:8-11

Altars:
Kikubaaqudgha
Nemelex Xobeh
Okawaru
Ru
Trog
Yredelemnul

Shops:
D:4 [   D:6 [

Annotations:
D:8 Erica


Innate Abilities, Weirdness & Mutations

You reflexively headbutt those who attack you in melee.
You have a pair of horns on your head.


Message History

An iguana comes into view.
You feel sick.
The iguana hisses angrily.
You feel sick.
You take 1 damage, and have 22/99 hp.
You feel sick.
You feel sick.
You feel sick.
You take 1 damage, and have 21/99 hp.
You feel sick.
You feel sick. Erica casts a spell at you.
You are confused.
You bump into the rock wall.
Erica screams, "Do you want it fast or slow?!"
You bump into the rock wall.
You feel sick. Erica casts a spell at you. The bolt of poison hits you!
You are more poisoned.
You die...

·····▒▒·▒▒▒▒▒ ▒·▒
▒·········· ▒·▒
▒·▒▒▒·▒▒▒▒▒ ▒·▒
▒·▒ ▒·▒ ·· ▒·▒
▒▒▒▒·▒▒▒)▒▒·▒
▒·▒▒▒··@········▒
▒········▒▒▒·▒▒▒▒
▒·▒▒▒·▒▒▒▒ ▒·▒
▒·▒▒▒▒▒@▒·)·▒ ▒·▒
········▒@▒▒▒ ▒·▒
▒·▒▒▒▒▒·▒†▒ ▒··
▒@▒·▒▒▒▒▒▒▒▒▒▒▒
▒··········▒
▒···········▒
▒·$·········l··▒
▒·▒▒▒·▒▒·P··P····
▒· ▒·········


You could see Erica.

Vanquished Creatures
  The ghost of Azzok the Slasher, a novice CeFi (D:4)
  Prince Ribbit (D:7)
  A hippogriff (D:7)
  Sigmund (D:3)
  A water moccasin (D:7)
  4 porcupines (D:8)
  Duvessa (D:7)
  2 ice beasts (D:6)
  2 phantoms
  2 ogres
  2 centaurs
  A crocodile (D:8)
  A bullfrog (D:6)
  A gnoll sergeant (D:6)
  Dowan (D:7)
  A wyvern skeleton (D:7)
  3 scorpions
  4 wights (D:6)
  2 howler monkeys
  A crimson imp (D:6)
  A hound (D:7)
  A jelly (D:6)
  6 orc wizards
  3 orc priests
  A bullfrog skeleton (D:6)
  A gnoll shaman (D:6)
  11 iguanas
  2 worker ants
  A hound zombie (D:6)
  A hound skeleton (D:5)
  6 gnolls (D:6)
  15 adders
  4 river rats (D:8)
  2 shadow imps
  An ooze (D:7)
  2 worms
  2 adder skeletons
  5 dart slugs
  3 leopard geckos
  19 orcs
  2 ball pythons (D:1)
  A giant cockroach (D:4)
  3 goblins
  7 hobgoblins
  6 jackals
  6 kobolds
  4 quokkas
  6 bats
  6 frilled lizards
  A leopard gecko skeleton (D:5)
  A leopard gecko zombie (D:7)
  7 rats
170 creatures vanquished.

Vanquished Creatures (others)
  An orc wizard (D:5)
  2 fungi (D:8)
  3 plants (D:8)
6 creatures vanquished.

Grand Total: 176 creatures vanquished

Notes
Turn   | Place    | Note
-------+----------+-------------------------------------------
     0 | D:1      | Azzok the Minotaur Fighter began the quest for the Orb.
     0 | D:1      | Reached XP level 1. HP: 19/19 MP: 0/0
    89 | D:1      | Reached skill level 4 in Fighting
   174 | D:1      | Reached XP level 2. HP: 27/28 MP: 1/1
   782 | D:2      | Found an iron altar of Okawaru.
   797 | D:2      | Became a worshipper of Warmaster Okawaru
   832 | D:2      | Reached skill level 5 in Fighting
   854 | D:2      | Reached XP level 3. HP: 35/36 MP: 2/2
  1013 | D:2      | Found a sparkling altar of Nemelex Xobeh.
  1111 | D:2      | Reached skill level 1 in Invocations
  1150 | D:2      | Found an ancient bone altar of Kikubaaqudgha.
  1178 | D:2      | Reached XP level 4. HP: 42/44 MP: 3/3
  1708 | D:3      | Noticed Sigmund
  1723 | D:3      | Killed Sigmund
  1723 | D:3      | Reached skill level 7 in Fighting
  1723 | D:3      | Reached XP level 5. HP: 42/52 MP: 4/6
  1838 | D:3      | Found a sacrificial altar of Ru.
  1967 | D:3      | Reached XP level 6. HP: 45/60 MP: 7/7
  2122 | D:4      | Reached * piety under Okawaru
  2152 | D:4      | Noticed Azzok's ghost (novice CeFi)
  2189 | D:4      | Killed Azzok's ghost
  2189 | D:4      | Reached skill level 8 in Fighting
  2189 | D:4      | Reached XP level 7. HP: 30/69 MP: 7/9
  2271 | D:4      | Reached ** piety under Okawaru
  2271 | D:4      | Reached skill level 9 in Fighting
  2510 | D:4      | Found Geschisu's Armour Shop.
  2770 | D:5      | Entered Level 5 of the Dungeon
  2822 | D:5      | Reached skill level 5 in Invocations
  2822 | D:5      | Reached XP level 8. HP: 45/79 MP: 10/10
  3013 | D:5      | Reached skill level 10 in Fighting
  3056 | D:5      | Found a staircase to the Ecumenical Temple.
  3838 | D:6      | Found a bloodstained altar of Trog.
  3850 | D:6      | Reached *** piety under Okawaru
  3850 | D:6      | Reached skill level 11 in Fighting
  3908 | D:6      | Found Bistrut's Antique Armour Boutique.
  4381 | D:6      | Found a basalt altar of Yredelemnul.
  4496 | D:6      | Reached XP level 9. HP: 85/90 MP: 12/12
  4643 | D:7      | Noticed Duvessa
  4651 | D:7      | Noticed Dowan
  4651 | D:7      | Killed Duvessa
  4651 | D:7      | Reached skill level 12 in Fighting
  4653 | D:7      | Noticed Prince Ribbit
  4667 | D:7      | Killed Dowan
  4816 | D:7      | Reached **** piety under Okawaru
  4875 | D:7      | Reached skill level 1 in Bows
  4977 | D:7      | Killed Prince Ribbit
  5333 | D:8      | Reached skill level 5 in Bows
  5358 | D:8      | Reached XP level 10. HP: 33/99 MP: 15/15
  5362 | D:8      | Noticed Erica
  5374 | D:8      | Killed from afar by Erica

Skill      XL: |  1  2  3  4  5  6  7  8  9 |
---------------+----------------------------+-----
Fighting       | 4 5 7 8 9 11 12 | 12.4
Invocations    | 1 2 3 4 5 6 8 |  8.7
Bows           | 5 |  5.2
Long Blades    | |  2.4
Armour         | |  3.6
Shields        | |  3.6

Action                   |  1- 3 |  4- 6 |  7- 9 | 10-12 || total
-------------------------+-------+-------+-------+-------++-------
Melee: Long sword        |    76 |   117 |   239 |     5 ||   437
       Headbutt          |     7 |    20 |   114 |       ||   141
       Dagger            |       |       |   188 |       ||   188
Evoke: Wand              |       |       |     2 |       ||     2
  Use: Potion            |       |     1 |       |       ||     1
  Eat: Chunk             |     1 |     3 |    11 |       ||    15
Armor: Chain mail        |    46 |    56 |   223 |     1 ||   326
       Scale mail        |     4 |       |       |       ||     4
Dodge: Dodged            |    18 |    13 |    76 |       ||   107
Block: Shield            |    33 |    60 |   203 |     3 ||   299
       Rpst.: Long sword |     5 |     2 |     6 |       ||    13
